[Event "CZE-ch U14 2020"]
[Site "Kouty nad Desnou"]
[Date "2020.03.08"]
[Round "2.1"]
[White "Stalmach, Richard"]
[Black "Janous, Marek"]
[Result "1-0"]
[ECO "A50"]
[WhiteElo "2259"]
[BlackElo "1990"]
[Annotator "ChessBase"]
[PlyCount "113"]
[EventDate "2020.03.07"]
[EventCountry "CZE"]
[SourceTitle "playchess.com"]
[Source "ChessBase"]
[SourceQuality "1"]
[TimeControl "5400+30"]

1. d4 Nf6 2. c4 g6 3. h4 c5 4. d5 b5 5. cxb5 a6 6. bxa6 Bxa6 7. Nc3 d6 8. e4 Bxf1 9. Kxf1 Nbd7 10. g3 Bg7 11. Nf3 O-O 12. Kg2 Qa5 13. a4 Rfb8 14. Qc2 Nb6 15. Bg5 Qb4 16. Nd2 h6 17. Bf4 Nh5 18. Ra3 c4 19. Rb1 Nxf4+ 20. gxf4 Qc5 21. Nd1 Rc8 22. Ne3 c3 23. b4 Qc7 24. a5 Qd7 25. Ndf1 Qb5 26. Rab3 Nc4 27. Nxc4 Rxc4 28. Ne3 Rc7 29. Kf3 Qd7 30. Ra3 Qb5 31. Ra2 Bd4 32. Qe2 Qxe2+ 33. Kxe2 Bxe3 34. fxe3 c2 35. Rc1 Rc4 36. Rb2 Rb8 37. Rbxc2 Rcxb4 38. Rc8+ Rxc8 39. Rxc8+ Kg7 40. e5 Rb5 41. a6 Ra5 42. Re8 Rxa6 43. Rxe7 Kf8 44. Rd7 dxe5 45. fxe5 Ke8 46. Rb7 Ra4 47. d6 Ra6 48. Rb8+ Kd7 49. Rf8 f5 50. Rf7+ Ke8 51. Rg7 g5 52. hxg5 hxg5 53. Rxg5 Kf7 54. Rxf5+ Ke6 55. Rf8 Ra7 56. Re8+ Kd5 57. Re7 1-0

[Event "CZE-ch U14 2020"]
[Site "Kouty nad Desnou"]
[Date "2020.03.08"]
[Round "2.2"]
[White "Paseka, Matyas"]
[Black "Hrbek, Stepan"]
[Result "0-1"]
[ECO "C71"]
[WhiteElo "2012"]
[BlackElo "2142"]
[Annotator "ChessBase"]
[PlyCount "68"]
[EventDate "2020.03.07"]
[EventCountry "CZE"]
[SourceTitle "playchess.com"]
[Source "ChessBase"]
[SourceQuality "1"]
[TimeControl "5400+30"]

1. e4 e5 2. Nf3 Nc6 3. Bb5 a6 4. Ba4 d6 5. d4 b5 6. Bb3 Nxd4 7. Nxd4 exd4 8. Qh5 Qd7 9. Bg5 Bb7 10. O-O g6 11. Qf3 Bg7 12. c3 h6 13. Bh4 g5 14. Bg3 Nf6 15. Re1 O-O 16. cxd4 Nxe4 17. Nc3 Nxg3 18. Qxb7 Nf5 19. Nd5 Rab8 20. Qa7 Rfe8 21. Rec1 Ra8 22. Qxc7 Ra7 23. Qxd7 Rxd7 24. Re1 Rdd8 25. Nc7 Rxe1+ 26. Rxe1 Nxd4 27. Bd5 Rc8 28. Re7 Rf8 29. Ne8 Nf5 30. Re2 Be5 31. Bc6 Nd4 32. Rxe5 dxe5 33. Bd7 f5 34. Nc7 Rd8 0-1

[Event "CZE-ch U14 2020"]
[Site "Kouty nad Desnou"]
[Date "2020.03.08"]
[Round "2.3"]
[White "Hak, David"]
[Black "Kures, Michael"]
[Result "1-0"]
[ECO "E91"]
[WhiteElo "2120"]
[BlackElo "1943"]
[Annotator "ChessBase"]
[PlyCount "73"]
[EventDate "2020.03.07"]
[EventCountry "CZE"]
[SourceTitle "playchess.com"]
[Source "ChessBase"]
[SourceQuality "1"]
[TimeControl "5400+30"]

1. d4 Nf6 2. c4 g6 3. Nc3 Bg7 4. e4 d6 5. Nf3 O-O 6. Be2 Nbd7 7. O-O e5 8. Be3 Ng4 9. Bg5 f6 10. Bh4 g5 11. Bg3 Nh6 12. h4 Nf7 13. d5 a5 14. a3 Nb8 15. hxg5 fxg5 16. Nh2 Nh6 17. Ng4 Nxg4 18. Bxg4 Nd7 19. Be6+ Kh8 20. b4 Nf6 21. c5 Bxe6 22. dxe6 axb4 23. axb4 Rxa1 24. Qxa1 dxc5 25. Bxe5 Qe7 26. Nd5 Qxe6 27. Nxc7 Qc6 28. bxc5 Rf7 29. Rd1 h6 30. Rd6 Qxc7 31. Rxf6 Bxf6 32. Qa8+ Kg7 33. Bxc7 Rxc7 34. Qa5 Be5 35. g3 Rc6 36. Qb5 Rc7 37. c6 1-0

[Event "CZE-ch U14 2020"]
[Site "Kouty nad Desnou"]
[Date "2020.03.08"]
[Round "2.4"]
[White "Winter, Ondrej"]
[Black "Petricek, Lukas"]
[Result "0-1"]
[ECO "B90"]
[WhiteElo "1896"]
[BlackElo "2106"]
[Annotator "ChessBase"]
[PlyCount "100"]
[EventDate "2020.03.07"]
[EventCountry "CZE"]
[SourceTitle "playchess.com"]
[Source "ChessBase"]
[SourceQuality "1"]
[TimeControl "5400+30"]

1. e4 c5 2. Nf3 d6 3. d4 cxd4 4. Nxd4 Nf6 5. Nc3 a6 6. Be3 e6 7. Be2 Be7 8. O-O O-O 9. f4 Qc7 10. Kh1 b5 11. Bf3 Bb7 12. a3 Nc6 13. Nb3 Nd7 14. Qd2 Nb6 15. Be2 Rac8 16. Bd3 Nd7 17. Qf2 Na5 18. Nxa5 Qxa5 19. Rad1 Qc7 20. Qg3 Bf6 21. Qh3 g6 22. f5 Rfe8 23. fxg6 hxg6 24. Bf4 Be5 25. Bg5 Bg7 26. Bf4 Ne5 27. Qg3 Red8 28. h4 Nxd3 29. Rxd3 Be5 30. Rdf3 Rd7 31. h5 Bxf4 32. Rxf4 Kg7 33. hxg6 fxg6 34. Rf6 Rh8+ 35. Kg1 Qc5+ 36. R1f2 Qh5 37. Kf1 Re8 38. Qf4 g5 39. Qg3 Bxe4 40. Qe3 Bf5 41. R6xf5 exf5 42. Qd4+ Kg6 43. Re2 Rxe2 44. Nxe2 Qh1+ 45. Ng1 Qh4 46. Qd1 Qf4+ 47. Nf3 g4 48. Qe1 Qc4+ 49. Kg1 gxf3 50. Qg3+ Qg4 0-1

[Event "CZE-ch U14 2020"]
[Site "Kouty nad Desnou"]
[Date "2020.03.08"]
[Round "2.6"]
[White "Mrazek, Roman"]
[Black "Smolik, Jachym"]
[Result "0-1"]
[ECO "A45"]
[WhiteElo "1839"]
[BlackElo "2025"]
[Annotator "ChessBase"]
[PlyCount "56"]
[EventDate "2020.03.07"]
[EventCountry "CZE"]
[SourceTitle "playchess.com"]
[Source "ChessBase"]
[SourceQuality "1"]
[TimeControl "5400+30"]

1. d4 Nf6 2. Bf4 e6 3. e3 c5 4. c3 Qb6 5. Qb3 d5 6. h3 Nc6 7. Nd2 Be7 8. Ngf3 c4 9. Qc2 Qd8 10. Be2 Bd7 11. O-O b5 12. e4 a5 13. b3 a4 14. e5 Ng8 15. Bh2 Nh6 16. Ne1 axb3 17. Qb1 Qa5 18. Nef3 bxa2 19. Qc2 Qa4 20. Qb2 b4 21. cxb4 Nxb4 22. Rfc1 Qa3 23. Qxa3 Rxa3 24. Bd1 O-O 25. Ne1 Bg5 26. f4 Be7 27. Kf2 Nf5 28. Nf1 Nxd4 0-1

[Event "CZE-ch U14 2020"]
[Site "Kouty nad Desnou"]
[Date "2020.03.08"]
[Round "2.7"]
[White "Hlavina, Matous"]
[Black "Mohapl, Tomas"]
[Result "1-0"]
[ECO "B32"]
[WhiteElo "1986"]
[BlackElo "1654"]
[Annotator "ChessBase"]
[PlyCount "41"]
[EventDate "2020.03.07"]
[EventCountry "CZE"]
[SourceTitle "playchess.com"]
[Source "ChessBase"]
[SourceQuality "1"]
[TimeControl "5400+30"]

1. e4 c5 2. Nf3 Nc6 3. d4 cxd4 4. Nxd4 e5 5. Nb5 d6 6. N1c3 a6 7. Na3 b5 8. Nd5 Nge7 9. c4 bxc4 10. Bxc4 Be6 11. O-O Ng6 12. Be3 Bxd5 13. Bxd5 Qd7 14. Rc1 Nge7 15. Rxc6 Nxc6 16. Qa4 Rc8 17. Rc1 Ke7 18. Bxc6 Qc7 19. Qxa6 Rb8 20. Nb5 Qd8 21. Bg5+ 1-0

[Event "CZE-ch U14 2020"]
[Site "Kouty nad Desnou"]
[Date "2020.03.08"]
[Round "2.8"]
[White "Richter, Rudolf"]
[Black "Vaclavik, Jan"]
[Result "0-1"]
[ECO "E91"]
[WhiteElo "1555"]
[BlackElo "1791"]
[Annotator "NA"]
[PlyCount "104"]
[EventDate "2020.03.07"]
[EventCountry "CZE"]
[SourceTitle "playchess.com"]
[Source "ChessBase"]
[SourceQuality "1"]
[TimeControl "5400+30"]

1. d4 Nf6 2. c4 g6 3. Nc3 Bg7 4. e4 d6 5. Nf3 O-O 6. Be2 Nbd7 7. O-O e5 8. dxe5 dxe5 9. Bg5 h6 10. Bh4 c6 11. Qc2 Qe7 12. a3 a5 13. Rab1 g5 14. Bg3 Ne8 15. b4 Nc7 16. c5 Ne6 17. h3 Nf4 18. Bxf4 exf4 19. Rbd1 Ne5 20. Nxe5 Qxe5 21. Na4 axb4 22. axb4 Be6 23. Nb6 Ra2 24. Qd3 Qc3 25. Rb1 Qc2 26. Qxc2 Rxc2 27. Bg4 Bxg4 28. hxg4 Bd4 29. Rbc1 Bxf2+ 30. Kh1 Rxc1 31. Rxc1 Be3 32. Rd1 Re8 33. Nd7 Kg7 34. e5 Ra8 35. Nb6 Ra2 36. Nc4 Rc2 37. Nd6 Rb2 38. Nf5+ Kh7 39. Nd6 Rxb4 40. Nxf7 Bxc5 41. Nd6 Rd4 42. Rxd4 Bxd4 43. e6 Bf6 44. Nxb7 Kg7 45. Nd6 Be7 46. Nf5+ Kf6 47. Nxh6 Kxe6 48. Nf5 Bc5 49. Ng7+ Ke5 50. Ne8 Be3 51. Nc7 c5 52. Nb5 c4 0-1

[Event "CZE-ch U14 2020"]
[Site "Kouty nad Desnou"]
[Date "2020.03.08"]
[Round "2.9"]
[White "Lang, Simon"]
[Black "Licka, Denis"]
[Result "1-0"]
[ECO "B96"]
[WhiteElo "1779"]
[BlackElo "1594"]
[Annotator "NA"]
[PlyCount "49"]
[EventDate "2020.03.07"]
[EventCountry "CZE"]
[SourceTitle "playchess.com"]
[Source "ChessBase"]
[SourceQuality "1"]
[TimeControl "5400+30"]

1. e4 c5 2. Nf3 d6 3. d4 cxd4 4. Nxd4 Nf6 5. Nc3 a6 6. Bg5 e6 7. f4 h6 8. Bh4 Be7 9. Qf3 Nbd7 10. O-O-O Qc7 11. Bf2 Rb8 12. g4 b5 13. g5 hxg5 14. fxg5 Ne5 15. Qe2 Nfg4 16. Bg2 Bxg5+ 17. Kb1 Nxf2 18. Qxf2 Nc4 19. e5 Nxe5 20. Rhf1 d5 21. Qg3 Bf6 22. Bxd5 exd5 23. Nxd5 Qd6 24. Nf3 Qe6 25. Nc7+ {[%emt 0:00:20] Qd6 Nd5 Rg8 Qe1} 1-0

[Event "CZE-ch U14 2020"]
[Site "Kouty nad Desnou"]
[Date "2020.03.08"]
[Round "2.10"]
[White "Tajovsky, Simon"]
[Black "Stocek, Martin"]
[Result "0-1"]
[ECO "E81"]
[WhiteElo "1512"]
[BlackElo "1772"]
[Annotator "NA"]
[PlyCount "112"]
[EventDate "2020.03.07"]
[EventCountry "CZE"]
[SourceTitle "playchess.com"]
[Source "ChessBase"]
[SourceQuality "1"]
[TimeControl "5400+30"]

1. d4 Nf6 2. c4 d6 3. Nc3 g6 4. e4 Bg7 5. f3 O-O 6. Be3 Nfd7 7. Qd2 c5 8. d5 Ne5 9. Be2 Qb6 10. Rc1 Qb4 11. Nb5 Qxd2+ 12. Bxd2 a6 13. Nc3 Bd7 14. f4 Ng4 15. h3 Nf6 16. Nf3 b5 17. e5 Ne8 18. O-O b4 19. Ne4 f5 20. Nf2 a5 21. Nd3 Ra7 22. Bd1 h6 23. Be1 Bc8 24. Bh4 Ba6 25. Re1 Bc8 26. Ba4 Kf7 27. Re2 dxe5 28. Nfxe5+ Bxe5 29. Nxe5+ Kg7 30. Nd3 Nf6 31. Nxc5 Rc7 32. Bxf6+ Rxf6 33. Nb3 Bb7 34. Nxa5 Bxd5 35. Rce1 Be4 36. Bc2 Bxc2 37. Rxc2 Ra6 38. Nb3 Rxa2 39. Nd4 Kf7 40. b3 Rxc2 41. Nxc2 Nc6 42. Rd1 Ra7 43. Nd4 Rd7 44. Nxc6 Rxd1+ 45. Kf2 Rb1 46. Nxb4 Rxb3 47. Nc6 Rc3 48. Ke2 Kf6 49. Ne5 g5 50. Nd7+ Ke6 51. Nb6 gxf4 52. Kd2 Rg3 53. Nd5 Rxg2+ 54. Ke1 f3 55. Nf4+ Kd6 56. Nxg2 fxg2 0-1

[Event "CZE-ch U14 2020"]
[Site "Kouty nad Desnou"]
[Date "2020.03.08"]
[Round "2.11"]
[White "Prochazka, Vojtech"]
[Black "Kanak, Matyas"]
[Result "1-0"]
[ECO "C42"]
[WhiteElo "1763"]
[BlackElo "1499"]
[Annotator "NA"]
[PlyCount "41"]
[EventDate "2020.03.07"]
[EventCountry "CZE"]
[SourceTitle "playchess.com"]
[Source "ChessBase"]
[SourceQuality "1"]
[TimeControl "5400+30"]

1. e4 e5 2. Nf3 Nf6 3. Nxe5 d6 4. Nf3 Nxe4 5. Nc3 Nf6 6. d4 d5 7. Bd3 Be7 8. Bf4 a6 9. Ne2 Nc6 10. c3 O-O 11. Qc2 Bg4 12. h3 Bh5 13. O-O-O b5 14. Ne5 Bxe2 15. Qxe2 Bd6 16. Qf3 Na5 17. Bg5 Be7 18. Rhe1 Qd6 19. Ng4 Ne4 20. Bxe7 Qxe7 21. Bxe4 1-0

[Event "CZE-ch U14 2020"]
[Site "Kouty nad Desnou"]
[Date "2020.03.08"]
[Round "2.12"]
[White "Zednicek, Filip"]
[Black "Vilimek, Vit"]
[Result "1-0"]
[ECO "B33"]
[WhiteElo "1365"]
[BlackElo "1695"]
[Annotator "NA"]
[PlyCount "103"]
[EventDate "2020.03.07"]
[EventCountry "CZE"]
[SourceTitle "playchess.com"]
[Source "ChessBase"]
[SourceQuality "1"]
[TimeControl "5400+30"]

1. e4 c5 2. Nf3 Nc6 3. d4 cxd4 4. Nxd4 Nf6 5. Nc3 e5 6. Ndb5 d6 7. Bg5 a6 8. Na3 b5 9. Nd5 Be7 10. c3 Nxd5 11. exd5 Bxg5 12. dxc6 O-O 13. Be2 f5 14. Qd5+ Kh8 15. c7 Qxc7 16. Qxa8 e4 17. Qd5 Bb7 18. Qd1 e3 19. O-O Rf6 20. Bf3 d5 21. Nc2 Rh6 22. h3 exf2+ 23. Rxf2 Qb6 24. Qd4 Qc7 25. Bxd5 Rd6 26. Rxf5 Bf6 27. Qe4 Bxd5 28. Rxd5 Qc6 29. Re1 Qb6+ 30. Nd4 h6 31. Rxd6 Qxd6 32. Nf5 Qc5+ 33. Kh1 Qf2 34. Nd4 Qg3 35. Qe3 Qd6 36. Nf3 Qc7 37. Nd2 Bg5 38. Qd3 Qc8 39. Nf3 Bf6 40. Ne5 Kg8 41. Qd5+ Kh7 42. Qe4+ Kg8 43. Ng4 Kf7 44. Nxf6 Kxf6 45. Rf1+ Kg5 46. h4+ Kh5 47. Rf5+ Kg6 48. Rf8+ Kh5 49. Rxc8 b4 50. Rc6 b3 51. Qg6+ Kxh4 52. Rc4# 1-0

[Event "CZE-ch U14 2020"]
[Site "Kouty nad Desnou"]
[Date "2020.03.09"]
[Round "3.5"]
[White "Lang, Simon"]
[Black "Paseka, Matyas"]
[Result "0-1"]
[ECO "B96"]
[WhiteElo "1779"]
[BlackElo "2012"]
[Annotator "ChessBase"]
[PlyCount "68"]
[EventDate "2020.03.07"]
[EventCountry "CZE"]
[SourceTitle "playchess.com"]
[Source "ChessBase"]
[SourceQuality "1"]
[TimeControl "5400+30"]

1. e4 c5 2. Nf3 d6 3. d4 cxd4 4. Nxd4 Nf6 5. Nc3 a6 6. Bg5 e6 7. f4 h6 8. Bh4 Qb6 9. Qd2 Qxb2 10. Rb1 Qa3 11. e5 dxe5 12. fxe5 Nfd7 13. Be2 Be7 14. Bg3 O-O 15. O-O Bc5 16. Ne4 Nc6 17. c3 Ndxe5 18. Bxe5 Nxe5 19. Nf6+ gxf6 20. Rxf6 Be7 21. Rxh6 Ng6 22. Bd3 Kg7 23. Re1 Qc5 24. Rxg6+ fxg6 25. Kh1 Qg5 26. Qb2 Qh4 27. Nxe6+ Bxe6 28. Rxe6 Bf6 29. Qxb7+ Kh6 30. Qb1 Rae8 31. g3 Qg4 32. Rxa6 Qf3+ 33. Kg1 Bd4+ 34. cxd4 Qf2+ 0-1

[Event "CZE-ch U14 2020"]
[Site "Kouty nad Desnou"]
[Date "2020.03.09"]
[Round "3.6"]
[White "Janous, Marek"]
[Black "Prochazka, Vojtech"]
[Result "1/2-1/2"]
[ECO "C45"]
[WhiteElo "1990"]
[BlackElo "1763"]
[Annotator "ChessBase"]
[PlyCount "60"]
[EventDate "2020.03.07"]
[EventCountry "CZE"]
[SourceTitle "playchess.com"]
[Source "ChessBase"]
[SourceQuality "1"]
[TimeControl "5400+30"]

1. e4 e5 2. Nf3 Nc6 3. d4 exd4 4. Nxd4 Bc5 5. Nb3 Bb6 6. Nc3 Nf6 7. Qe2 d6 8. Be3 O-O 9. O-O-O Re8 10. f3 Be6 11. Kb1 Qe7 12. g4 Nd7 13. h4 a5 14. Nb5 a4 15. N3d4 Nxd4 16. Nxd4 Nc5 17. h5 a3 18. b3 d5 19. Nxe6 fxe6 20. e5 Nd7 21. Bc1 Ba5 22. f4 Bc3 23. Bg2 c6 24. Rh3 Bb2 25. Qd2 Rf8 26. Rf1 b5 27. Rhh1 Bxc1 28. Kxc1 Qc5 29. Rf3 Qe7 30. Rhf1 Rae8 1/2-1/2

[Event "CZE-ch U14 2020"]
[Site "Kouty nad Desnou"]
[Date "2020.03.09"]
[Round "3.9"]
[White "Zednicek, Filip"]
[Black "Winter, Ondrej"]
[Result "0-1"]
[ECO "B35"]
[WhiteElo "1365"]
[BlackElo "1896"]
[Annotator "NA"]
[PlyCount "92"]
[EventDate "2020.03.07"]
[EventCountry "CZE"]
[SourceTitle "playchess.com"]
[Source "ChessBase"]
[SourceQuality "1"]
[TimeControl "5400+30"]

1. e4 c5 2. Nf3 Nc6 3. d4 cxd4 4. Nxd4 g6 5. Nc3 Bg7 6. Be3 Nf6 7. Bc4 O-O 8. Bb3 Re8 {[%emt 0:16:27] B35: Sicilian: Accelerated Dragon with 5 Nc3: main line.} 9. O-O d6 10. h3 Bd7 11. f4 {[%emt 0:03:27] [#]} Qb8 $146 ({Predecessor:} 11... Nxd4 12. Bxd4 Bc6 13. e5 dxe5 14. fxe5 Nd5 15. Qf3 Nxc3 16. Bxf7+ Kh8 17. Qxc3 Rf8 {½-½ (94) Nakamura,H (2786)-Carlsen,M (2832) chess.com INT 2018}) 12. Nf3 b5 13. a3 (13. f5 $14) 13... a5 14. e5 dxe5 15. Nxe5 Nxe5 16. fxe5 Qxe5 17. Bd4 {[%emt 0:00:19] [#]} Qb8 ({Better is} 17... Qc7 $1 $17) 18. Nd5 (18. Bxf7+ $1 $11 {keeps the balance.} Kxf7 19. Bxf6 exf6 20. Qxd7+ {[%mdl 64] Double Attack} Kg8 21. Rae1 (21. Nxb5 $2 Qb6+ 22. Nd4 Rad8 $19) (21. Qxb5 f5 $11)) 18... Be6 (18... a4 $17 19. Nxf6+ exf6) 19. Nxe7+ Rxe7 20. Bxf6 Bxf6 21. Rxf6 Bxb3 22. cxb3 Qe5 23. Rf2 Rae8 24. Qf1 Qd5 25. Rf3 Qd4+ 26. Qf2 Qxf2+ 27. Rxf2 {[%emt 0:00:05] [#]} Re3 ({Black should try} 27... Re1+ $1 $17 28. Rxe1 Rxe1+ 29. Rf1 Re3) 28. b4 axb4 29. axb4 {[%emt 0:00:05] [#]} (29. a4 $15) 29... Re1+ $1 30. Rxe1 Rxe1+ 31. Kh2 Re4 32. Kg3 Rxb4 33. Kf3 f5 34. Ke3 Kg7 35. Kd3 Kf6 36. Kc3 Rc4+ 37. Kd3 Kg5 38. g3 f4 39. g4 Kh4 40. Rf3 Rb4 41. Kc3 Re4 42. Kd3 Re3+ 43. Rxe3 fxe3 44. Kxe3 Kxh3 45. Kf4 b4 46. Kf3 g5 0-1

[Event "CZE-ch U14 2020"]
[Site "Kouty nad Desnou"]
[Date "2020.03.09"]
[Round "3.10"]
[White "Vilimek, Vit"]
[Black "Richter, Rudolf"]
[Result "1-0"]
[ECO "B05"]
[WhiteElo "1695"]
[BlackElo "1555"]
[Annotator "NA"]
[PlyCount "91"]
[EventDate "2020.03.07"]
[EventCountry "CZE"]
[SourceTitle "playchess.com"]
[Source "ChessBase"]
[SourceQuality "1"]
[TimeControl "5400+30"]

1. e4 Nf6 2. e5 Nd5 3. d4 d6 4. Nf3 Bg4 5. Be2 c6 6. O-O Bxf3 7. Bxf3 dxe5 8. dxe5 e6 9. c4 Nb6 10. Qe2 N8d7 11. b3 Be7 12. Bb2 Bg5 13. Nc3 Bf4 14. Rfe1 Bxe5 15. Rad1 Qc7 16. c5 Nc8 17. g3 Bf6 18. Qd2 Ne7 19. Ne4 Bxb2 20. Qxb2 O-O 21. Qd2 Nd5 22. h4 N5f6 23. b4 Rfd8 24. Nd6 Nf8 25. Qb2 Ne8 26. Nxe8 Rxe8 27. Rd6 Red8 28. Red1 Rxd6 29. Rxd6 Rd8 30. Qd4 Rxd6 31. cxd6 Qb6 32. Qxb6 axb6 33. b5 c5 34. Bxb7 f6 35. Bc6 Kf7 36. a4 Ng6 37. f4 e5 38. f5 Nf8 39. a5 c4 40. Kf1 bxa5 41. b6 c3 42. Ke2 e4 43. b7 c2 44. Kd2 e3+ 45. Kxc2 e2 46. Kd2 1-0

[Event "CZE-ch U14 2020"]
[Site "Kouty nad Desnou"]
[Date "2020.03.09"]
[Round "3.11"]
[White "Mohapl, Tomas"]
[Black "Tajovsky, Simon"]
[Result "0-1"]
[ECO "B34"]
[WhiteElo "1654"]
[BlackElo "1512"]
[Annotator "NA"]
[PlyCount "68"]
[EventDate "2020.03.07"]
[EventCountry "CZE"]
[SourceTitle "playchess.com"]
[Source "ChessBase"]
[SourceQuality "1"]
[TimeControl "5400+30"]

1. e4 c5 2. Nf3 Nc6 3. d4 cxd4 4. Nxd4 g6 5. Nc3 Bg7 6. Nb3 Nf6 7. Be2 O-O 8. Bg5 d6 9. O-O a5 10. a4 Be6 11. Re1 Re8 12. Bf1 Nb4 13. Nd4 Bg4 14. Qd2 Nd7 15. Bb5 Bxd4 16. Qxd4 Nxc2 17. Qd2 Nxa1 18. Rxa1 Rf8 19. Bh6 Nc5 20. Qf4 Bd7 21. Bxf8 Qxf8 22. Bxd7 Nxd7 23. Re1 Nb6 24. Qf3 Qc8 25. Rd1 Qc6 26. b3 Rc8 27. Nb5 Qc2 28. h3 Nd7 29. Re1 Ne5 30. Qg3 Qd2 31. Re3 Rc1+ 32. Kh2 Rf1 33. f4 Qc1 34. Qh4 Rh1+ 0-1

[Event "CZE-ch U14 2020"]
[Site "Kouty nad Desnou"]
[Date "2020.03.09"]
[Round "3.12"]
[White "Licka, Denis"]
[Black "Kanak, Matyas"]
[Result "1/2-1/2"]
[ECO "B90"]
[WhiteElo "1594"]
[BlackElo "1499"]
[Annotator "NA"]
[PlyCount "83"]
[EventDate "2020.03.07"]
[EventCountry "CZE"]
[SourceTitle "playchess.com"]
[Source "ChessBase"]
[SourceQuality "1"]
[TimeControl "5400+30"]

1. e4 c5 2. Nf3 d6 3. d4 cxd4 4. Nxd4 Nf6 5. Nc3 a6 6. Be3 e5 7. Nb3 Be6 8. f3 Nc6 9. Qd2 Ne7 10. O-O-O d5 11. exd5 Nexd5 12. Bg5 Bb4 13. Qd3 Nxc3 14. bxc3 Qxd3 15. Rxd3 Ba3+ 16. Kb1 Nd7 17. Bc1 Bxc1 18. Kxc1 O-O 19. Rd6 Rac8 20. Kb2 Nc5 21. Nxc5 Rxc5 22. Be2 Ra5 23. a3 Rd5 24. Rd1 Rxd1 25. Rxd1 Rc8 26. Rd6 Kf8 27. Bd3 Ke7 28. Rb6 Bd5 29. Be4 Bxe4 30. fxe4 Rc7 31. c4 f6 32. Kb3 Kd7 33. Kb4 Kc8 34. c5 Rc6 35. Rxc6+ bxc6 36. c4 Kc7 37. g3 g6 38. g4 g5 39. Kc3 Kd7 40. Kb4 Kc7 41. Ka5 Kb7 42. Kb4 1/2-1/2

[Event "CZE-ch U14 2020"]
[Site "Kouty nad Desnou"]
[Date "2020.03.09"]
[Round "4.1"]
[White "Stalmach, Richard"]
[Black "Hak, David"]
[Result "1/2-1/2"]
[ECO "E90"]
[WhiteElo "2259"]
[BlackElo "2120"]
[Annotator "ChessBase"]
[PlyCount "79"]
[EventDate "2020.03.07"]
[EventCountry "CZE"]
[SourceTitle "playchess.com"]
[Source "ChessBase"]
[SourceQuality "1"]
[TimeControl "5400+30"]

1. d4 Nf6 2. c4 g6 3. Nc3 Bg7 4. e4 d6 5. Nf3 O-O 6. h3 Na6 7. Be3 Nd7 8. g4 c5 9. d5 e6 10. Bg2 exd5 11. cxd5 b5 12. O-O b4 13. Na4 Nb6 14. Nxb6 axb6 15. Bg5 f6 16. Bf4 Nc7 17. Qd2 Bb7 18. Rfe1 Qd7 19. Bg3 Ra6 20. Qf4 b5 21. h4 Rfa8 22. Kh2 Bc8 23. g5 fxg5 24. Qxg5 Bxb2 25. e5 Bxa1 26. exd6 Ne8 27. Rxa1 Qf5 28. Qe7 Qf8 29. Ng5 Qxe7 30. dxe7 h6 31. d6 hxg5 32. Bd5+ Kh7 33. hxg5 Bd7 34. Kg2 Ng7 35. Be5 Nh5 36. Rh1 Bf5 37. Bf7 Be4+ 38. f3 Bc6 39. Rxh5+ gxh5 40. g6+ 1/2-1/2

[Event "CZE-ch U14 2020"]
[Site "Kouty nad Desnou"]
[Date "2020.03.09"]
[Round "4.2"]
[White "Smolik, Jachym"]
[Black "Petricek, Lukas"]
[Result "1-0"]
[ECO "A46"]
[WhiteElo "2025"]
[BlackElo "2106"]
[Annotator "ChessBase"]
[PlyCount "103"]
[EventDate "2020.03.07"]
[EventCountry "CZE"]
[SourceTitle "playchess.com"]
[Source "ChessBase"]
[SourceQuality "1"]
[TimeControl "5400+30"]

1. d4 Nf6 2. Nf3 e6 3. Bf4 d5 4. e3 Bd6 5. Bg3 b6 6. Bd3 Bb7 7. Nbd2 Qe7 8. c3 Nbd7 9. Ne5 Ne4 10. Nxe4 dxe4 11. Bb5 Bxe5 12. dxe5 c6 13. Be2 Rd8 14. Qc2 c5 15. h4 a6 16. h5 f6 17. exf6 gxf6 18. O-O-O Ne5 19. Bxe5 fxe5 20. h6 O-O 21. Rdf1 Kh8 22. g4 Rf7 23. c4 Rdf8 24. Qc3 Rxf2 25. Qxe5+ Kg8 26. Rxf2 Rxf2 27. Rh5 Rf6 28. Rg5+ Rg6 29. Rxg6+ hxg6 30. g5 Kh7 31. Bg4 Bc8 32. Kd2 b5 33. cxb5 axb5 34. Kc1 Bd7 35. Bh3 Bc8 36. Bg2 Bb7 37. Bf1 Bc6 38. Be2 Be8 39. Kb1 Bc6 40. a3 Be8 41. Bd1 Bc6 42. Bb3 Bd7 43. Bd5 b4 44. axb4 cxb4 45. Bxe4 Ba4 46. Bd5 Bd7 47. Bc4 Qf7 48. Ka2 Bc8 49. Kb3 Qe7 50. Qg7+ Qxg7 51. hxg7 Kxg7 52. Kxb4 1-0

[Event "CZE-ch U14 2020"]
[Site "Kouty nad Desnou"]
[Date "2020.03.09"]
[Round "4.5"]
[White "Paseka, Matyas"]
[Black "Werner, Hong Quan Dan"]
[Result "1-0"]
[ECO "B33"]
[WhiteElo "2012"]
[BlackElo "1801"]
[Annotator "ChessBase"]
[PlyCount "91"]
[EventDate "2020.03.07"]
[EventCountry "CZE"]
[SourceTitle "playchess.com"]
[Source "ChessBase"]
[SourceQuality "1"]
[TimeControl "5400+30"]

1. e4 c5 2. Nf3 Nc6 3. d4 cxd4 4. Nxd4 Nf6 5. Nc3 e5 6. Ndb5 d6 7. Bg5 a6 8. Na3 b5 9. Nd5 Be7 10. Bxf6 Bxf6 11. c3 Ne7 12. Nc2 Nxd5 13. Qxd5 Rb8 14. Rd1 Rb6 15. Ne3 Be6 16. Qd3 Bxa2 17. Ra1 Be6 18. Rxa6 Bc4 19. Nxc4 Rxa6 20. Na3 O-O 21. Qd5 Ra5 22. Bxb5 Qb6 23. O-O Qc5 24. Qd3 Qc7 25. Rd1 Be7 26. c4 Qa7 27. Nc2 g6 28. Ne3 Ra1 29. g3 Rxd1+ 30. Qxd1 Qd4 31. Qxd4 exd4 32. Nd5 Bd8 33. f4 f6 34. b3 h5 35. h3 Kf7 36. Kf2 f5 37. e5 dxe5 38. fxe5 g5 39. Bd7 Re8 40. Bxe8+ Kxe8 41. e6 Be7 42. b4 Bd6 43. c5 Bxg3+ 44. Kxg3 d3 45. Kf2 g4 46. hxg4 1-0

[Event "CZE-ch U14 2020"]
[Site "Kouty nad Desnou"]
[Date "2020.03.09"]
[Round "4.6"]
[White "Winter, Ondrej"]
[Black "Janous, Marek"]
[Result "1/2-1/2"]
[ECO "B90"]
[WhiteElo "1896"]
[BlackElo "1990"]
[Annotator "ChessBase"]
[PlyCount "56"]
[EventDate "2020.03.07"]
[EventCountry "CZE"]
[SourceTitle "playchess.com"]
[Source "ChessBase"]
[SourceQuality "1"]
[TimeControl "5400+30"]

1. e4 c5 2. Nf3 d6 3. d4 cxd4 4. Nxd4 Nf6 5. Nc3 a6 6. Be3 e5 7. Nb3 Be6 8. Qd2 Be7 9. f3 h5 10. O-O-O Qc7 11. Kb1 Nbd7 12. Be2 g6 13. h4 Nb6 14. Bg5 O-O-O 15. Bd3 Kb8 16. Qf2 Rc8 17. Be3 Nfd7 18. Rd2 Rhd8 19. Rhd1 Ka8 20. g3 Nc4 21. Bxc4 Bxc4 22. Nd5 Bxd5 23. Rxd5 Rf8 24. Bh6 Rh8 25. Be3 Rhf8 26. Bh6 Rh8 27. Be3 Rhf8 28. Bh6 Rh8 1/2-1/2

[Event "CZE-ch U14 2020"]
[Site "Kouty nad Desnou"]
[Date "2020.03.09"]
[Round "4.7"]
[White "Prochazka, Vojtech"]
[Black "Vaclavik, Jan"]
[Result "0-1"]
[ECO "B60"]
[WhiteElo "1763"]
[BlackElo "1791"]
[Annotator "NA"]
[PlyCount "78"]
[EventDate "2020.03.07"]
[EventCountry "CZE"]
[SourceTitle "playchess.com"]
[Source "ChessBase"]
[SourceQuality "1"]
[TimeControl "5400+30"]

1. e4 c5 2. Nf3 Nc6 3. d4 cxd4 4. Nxd4 Nf6 5. Nc3 d6 6. Bg5 Bd7 7. Be2 a6 8. O-O e6 9. Qd2 Be7 10. Rad1 O-O 11. Nxc6 Bxc6 12. Bf3 Qb6 13. b3 Rfd8 14. Rfe1 Rac8 15. Be3 Qc7 16. Re2 b5 17. Qd4 Bb7 18. Nb1 d5 19. e5 Nd7 20. Bf4 Bc5 21. Qb2 Ba7 22. g3 h6 23. h4 Nb8 24. Kg2 Nc6 25. Kh3 Qe7 26. Be3 Bxe3 27. Rxe3 Qc7 28. Re2 Rd7 29. Bg2 Qb6 30. f4 Rdc7 31. c3 Ne7 32. Qd2 a5 33. Qe3 Qxe3 34. Rxe3 b4 35. cxb4 axb4 36. a3 Nf5 37. Red3 Ba6 38. R3d2 bxa3 39. Nxa3 Rc3 0-1